 Dungeon Crawl Stone Soup version 0.22.1-5-g62c59d9 (webtiles) character file.

1272 Fang the Chopper (level 8, 0/50 HPs)
             Began as a Gargoyle Berserker on Jan 14, 2019.
             Was a Believer of Trog.
             Slain by an orc priest
             ... wielding a +0 short sword
              (1 damage)
             ... while paralysed
             ... on level 6 of the Dungeon.
             The game lasted 00:04:31 (5395 turns).

Fang the Chopper (Gargoyle Berserker)               Turns: 5395, Time: 00:04:31

Health: 0/50       AC:  9    Str: 22    XL:     8   Next: 53%
Magic:  8/8        EV:  2    Int:  9    God:    Trog [**....]
Gold:   181        SH:  0    Dex:  9    Spells: 7/7 levels left

rFire    . . .     SeeInvis .   v - +0 war axe
rCold    . . .     Gourm    .   (no shield)
rNeg     + . .     Faith    .   f - +0 plate armour
rPois    ∞         Spirit   .   d - +0 helmet
rElec    +         Reflect  .   (no cloak)
rCorr    .         Harm     .   (no gloves)
MR       .....                  (no boots)
Stlth    ..........             (no amulet)
HPRegen  0.16/turn              t - -6 ring of protection (curse)
MPRegen  0.11/turn              (no ring)

@: paralysed, corroded, berserk cooldown, slowed
A: negative energy resistance 1, electricity resistance, unbreathing,
petrification resistance, rot immunity, AC +5
a: Berserk, Trog's Hand, Renounce Religion


You were on level 6 of the Dungeon.
You worshipped Trog.
Trog was pleased with you.
You were not hungry.

You visited 1 branch of the dungeon, and saw 6 of its levels.

You collected 181 gold pieces.

Inventory:

Hand Weapons
 v - a +0 war axe (weapon)
Armour
 d - a +0 helmet (worn)
 f - a +0 plate armour (worn)
Jewellery
 t - a cursed -6 ring of protection (left hand)
Wands
 l - a wand of flame (1)
 u - a wand of paralysis (16)
 x - a wand of iceblast (6)
Scrolls
 a - a scroll of enchant armour {unknown}
 e - 2 scrolls of enchant weapon {unknown}
 h - 2 scrolls of amnesia {unknown}
 j - 3 scrolls of identify {unknown}
 k - 5 scrolls of teleportation {unknown}
 n - 3 scrolls of remove curse {unknown}
 o - a scroll of fog {unknown}
 p - 2 scrolls of magic mapping {unknown}
 r - a scroll of fear {unknown}
Potions
 b - 2 potions of resistance {unknown}
 g - a potion of haste {unknown}
 i - 2 potions of curing {unknown}
 m - a potion of might {unknown}
 q - 2 potions of cancellation {unknown}
 s - a potion of mutation {unknown}
 w - a potion of lignification {unknown}
Comestibles
 c - 9 rations


   Skills:
 + Level 5.5 Fighting
 + Level 7.1 Axes
 + Level 6.3 Armour
 + Level 2.1 Dodging


You had 7 spell levels left.
You didn't know any spells.
Your spell library was empty.

Dungeon Overview and Level Annotations

Branches:
Dungeon (6/15)
 Temple: D:4-7

Altars:
Ashenzari
Fedhas
Gozag
Nemelex Xobeh
Trog


Innate Abilities, Weirdness & Mutations

You are resistant to torment.
Your stone body is resilient. (AC +5)
You are immune to poison.
You resist negative energy. (rN+)
You are resistant to electric shocks. (rElec)
You can survive without breathing.
You are immune to petrification.
You are immune to rotting.


Message History

The orc priest invokes the aid of Beogh against you.
Beogh smites you!
* * * LOW HITPOINT WARNING * * *
The crimson imp blinks!
The orc priest hits you but does no damage.
You slice the orc priest!!
You kill the orc priest!
Trog accepts your kill.
Your plate armour prevents you from hitting the orc wizard.
You hit the orc priest.
You are no longer berserk.
You pass out from exhaustion.
You feel yourself slow down.
The orc priest hits you but does no damage.
The orc wizard gestures at you while chanting.
The magic dart hits you!
* * * LOW HITPOINT WARNING * * *
The orc wizard hits you but does no damage.
The orc priest hits you with a short sword.
You die...

### ##>## .......#...
#...# ......$..#
#####.♣.######.........#
...##...##...##(.......#
.♣.)##.##..♣.<#......o..
....##.##....##.o[......
####.....#####.ooo..o...
###.♣..##### #@#
#..........# #.#
#..........# #.#
###..........###.#
.......<.....'...#
#............#####
...########### ...# .#.#


You could see 2 orc priests, 2 orc wizards and 2 orcs.

Vanquished Creatures
  Sigmund (D:3)
  An ice beast (D:6)
  A sky beast (D:6)
  An ogre (D:4)
  2 centaurs (D:5)
  A scorpion (D:6)
  A jelly (D:6)
  A howler monkey (D:5)
  A centaur zombie (D:5)
  A crimson imp (D:5)
  3 hounds
  3 orc wizards (D:5)
  An orc priest (D:6)
  Crazy Yiuf (D:2)
  An iguana (D:5)
  6 worker ants
  A gnoll (D:1)
  An ooze (D:1)
  An adder skeleton (D:6)
  3 dart slugs (D:1)
  12 orcs
  6 bats
  2 giant cockroaches
  8 goblins
  3 hobgoblins
  4 jackals
  7 kobolds
  A quokka (D:4)
  A ball python (D:3)
  4 frilled lizards
  A quokka zombie (D:3)
  5 rats
86 creatures vanquished.

Vanquished Creatures (others)
  4 toadstools (D:1)
4 creatures vanquished.

Grand Total: 90 creatures vanquished

Notes
Turn   | Place    | Note
-------+----------+-------------------------------------------
     0 | D:1      | Fang the Gargoyle Berserker began the quest for the Orb.
     0 | D:1      | Reached XP level 1. HP: 14/14 MP: 1/1
   341 | D:1      | Reached skill level 3 in Axes
   341 | D:1      | Reached XP level 2. HP: 19/19 MP: 2/2
   757 | D:1      | Reached XP level 3. HP: 24/24 MP: 3/3
   943 | D:1      | Reached ** piety under Trog
  1487 | D:2      | Found a runed door.
  1935 | D:2      | Noticed Crazy Yiuf
  1944 | D:2      | Killed Crazy Yiuf
  1944 | D:2      | Reached XP level 4. HP: 29/29 MP: 4/4
  2257 | D:3      | Noticed Sigmund
  2277 | D:3      | Killed Sigmund
  2277 | D:3      | Reached skill level 4 in Axes
  2277 | D:3      | Reached XP level 5. HP: 27/33 MP: 5/5
  2277 | D:3      | Reached XP level 6. HP: 31/38 MP: 6/6
  3215 | D:4      | Found a bloodstained altar of Trog.
  3319 | D:4      | Reached skill level 5 in Axes
  3690 | D:4      | Reached XP level 7. HP: 44/44 MP: 7/7
  3955 | D:5      | Entered Level 5 of the Dungeon
  4131 | D:5      | Reached skill level 5 in Armour
  4152 | D:5      | Reached skill level 6 in Axes
  4532 | D:5      | Reached skill level 5 in Fighting
  4532 | D:5      | Reached XP level 8. HP: 44/49 MP: 8/8
  4827 | D:5      | Found a sparkling altar of Nemelex Xobeh.
  4827 | D:5      | Found a faded altar of an unknown god.
  4832 | D:5      | Found a shattered altar of Ashenzari.
  4834 | D:5      | Found an opulent altar of Gozag.
  4835 | D:5      | Found a faded altar of an unknown god.
  5190 | D:6      | Found a blossoming altar of Fedhas.
  5389 | D:6      | Reached skill level 7 in Axes
  5394 | D:6      | HP: 1/50 [orc wizard/magic dart (7)]
  5395 | D:6      | Slain by an orc priest

Skill      XL: |  1  2  3  4  5  6  7  8 |
---------------+-------------------------+-----
Axes           | 3 4 5 6 7 |  7.1
Fighting       | 4 5 |  5.5
Armour         | 3 4 5 6 |  6.3
Dodging        | 2 |  2.1

Action                   |  1- 3 |  4- 6 |  7- 9 || total
-------------------------+-------+-------+-------++-------
Melee: Hand axe          |   167 |   109 |    80 ||   356
       War axe           |       |       |    60 ||    60
Invok: Berserk           |     1 |     1 |     3 ||     5
  Eat: Chunk             |     2 |     9 |     5 ||    16
       Ration            |       |       |     1 ||     1
Armor: Animal skin       |     9 |       |       ||     9
       Plate armour      |   145 |    72 |   103 ||   320
Dodge: Dodged            |    77 |    31 |    56 ||   164
